 Dungeon Crawl Stone Soup version 0.20.1-1-g8b1a95d (webtiles) character file.

8715 Kingsmith the Gouger (level 11, -7/54 HPs)
             Began as a Felid Berserker on Dec 8, 2017.
             Was an Elder of Trog.
             Mangled by a slime creature (17 damage)
             ... on level 12 of the Dungeon.
             The game lasted 00:31:43 (11947 turns).

Kingsmith the Gouger (Felid Berserker)             Turns: 11947, Time: 00:31:44

Health: -7/54      AC:  2    Str: 13    XL:     11   Next: 13%
Magic:  12/12      EV: 29    Int: 11    God:    Trog [****..]
Gold:   785        SH:  0    Dex: 20    Spells: 10/10 levels left
                                        Lives:  0   Deaths: 3

rFire    + . .     SeeInvis +     - Unarmed
rCold    . . .     Gourm    .   (shield unavailable)
rNeg     . . .     Faith    .   (armour unavailable)
rPois    .         Spirit   .   (helmet unavailable)
rElec    .         Reflect  .   (cloak unavailable)
rCorr    .         Harm     .   (gloves unavailable)
MR       +++..                  (boots unavailable)
Stlth    ++........             (no amulet)
Regen    0.2/turn               x - ring of protection from fire
MPRegen  0.2/turn               o - ring of the Mage {Wiz MR++ Int+3}

@: quick
A: no armour, no weapons or thrown items, stealth, claws 1, fangs 3, see
invisible, carnivore 3, speed 1, shaggy fur 2, slow metabolism 1, sharp paws
a: Berserk, Trog's Hand, Brothers in Arms, Burn Spellbooks, Renounce Religion


You were on level 12 of the Dungeon.
You worshipped Trog.
Trog was greatly pleased with you.
You were completely stuffed.

You visited 1 branch of the dungeon, and saw 12 of its levels.
You also visited: Ossuary.

You collected 785 gold pieces.

Inventory:

Jewellery
 o - the ring of the Mage (right paw) {Wiz MR++ Int+3}
   (You found it on level 10 of the Dungeon)

   [ring of wizardry]

   It improves your spell success rate.
   It affects your intelligence (+3).
   It affects your resistance to hostile enchantments.
 x - a ring of protection from fire (left paw)
 G - an uncursed ring of protection from fire
Wands
 b - a wand of confusion (21/48)
 e - a wand of enslavement (9/24)
 f - a wand of disintegration (10/24)
 p - a wand of polymorph (10/24)
 q - a wand of flame (10/48)
 v - a wand of flame (37/48)
 y - a wand of lightning (12/15)
Scrolls
 c - 6 scrolls of blinking
 l - a scroll of identify
 m - 4 scrolls of remove curse
 r - a scroll of magic mapping
 t - a scroll of recharging
 A - a scroll of teleportation
 B - 2 scrolls of immolation
Potions
 g - 4 potions of haste
 h - 3 potions of might
 j - 3 potions of flight
 k - 3 potions of heal wounds
 n - 2 potions of brilliance
 s - a potion of invisibility
 u - 2 potions of mutation
 w - 2 potions of lignification
 z - 2 potions of curing
 C - 3 potions of ambrosia
 E - a potion of berserk rage
 F - a potion of magic {unknown}
Comestibles
 a - 14 meat rations
 d - 25 royal jellies


   Skills:
 - Level 10.0 Fighting
 - Level 11.5 Dodging
 + Level 14.4 Unarmed Combat


You had 10 spell levels left.
You didn't know any spells.

Dungeon Overview and Level Annotations

Branches:
Dungeon (12/15)            Temple (0/1) D:4            Lair (0/6) D:10
    Orc (0/2) D:9

Altars:
Ashenzari
Dithmenos
Elyvilon
Hepliaklqana


Innate Abilities, Weirdness & Mutations

You cannot wear armour.
You are incapable of wielding weapons or throwing items.
Your paws allow you to move quietly. (Stealth)
You have sharp claws.
You have razor-sharp teeth.
You have supernaturally acute eyesight. (SInv)
You are carnivorous and can eat meat at any time.
You cover ground quickly.
You are covered in thick fur. (AC +2)
You have a slow metabolism.
Your sharp claws are effective at attacking unaware monsters.


Message History

The slime creature misses you.
An iguana comes into view.
You scratch the slime creature.
You bite the slime creature, but do no damage.
The slime creature is lightly wounded.
The iguana moves out of view.
A hungry ghost comes into view.
You mangle the slime creature!! You claw the slime creature.
The slime creature is heavily wounded.
The slime creature misses you.
You scratch the slime creature.
The slime creature is heavily wounded.
The slime creature closely misses you.
You claw the slime creature!
The slime creature is severely wounded.
You fail to use your ability.
The slime creature hits you!
* * * LOW HITPOINT WARNING * * *
You fail to use your ability.
You fail to use your ability.
The slime creature hits you!
You die...

#..# #..# ##.## #..#
#..# ##.## #..# #..#
##@## #.J###
#).YY######
#...##..Y.Y.###### .
#..#######Yh.W....#.ยง
...# ####...>.).. ..##
#......... .
#....Y.... #..........


You could see a slime creature, 4 yaks and a black bear.

Vanquished Creatures
  The ghost of AdmiralAndromeda the Cleaver, a novice HOMo of Makhleb (D:7)
  2 two-headed ogres
  2 unseen horrors
  The ghost of Kingsmith the Blocker, a novice FoFi (D:6)
  Pikel (D:6)
  An ugly thing (D:11)
  A gargoyle (D:10)
  A kobold demonologist (D:12)
  The ghost of Kingsmith the Nimble, an amateur MfMo (D:5)
  2 hornets (D:10)
  4 hippogriffs
  Sigmund (D:4)
  A wraith (D:11)
  3 yaks (D:12)
  2 hungry ghosts
  A soldier ant (D:10)
  2 water moccasins
  An eye of draining (D:10)
  2 black bears
  2 ice beasts
  4 sky beasts
  4 orc warriors
  A phantom (D:7)
  6 ogres
  2 centaurs
  3 big kobolds
  4 bullfrogs
  5 water moccasin zombies (Ossuary)
  3 scorpions
  23 killer bees
  9 wights
  5 howler monkeys
  3 crimson imps
  2 centaur zombies
  A jelly (D:11)
  6 hounds
  2 quasits
  3 centaur skeletons
  6 orc wizards
  7 orc priests
  5 worker ants
  2 iguanas
  A hell rat (D:7)
  A killer bee zombie (D:5)
  A big kobold zombie (Ossuary)
  2 mummies (Ossuary)
  A worker ant zombie (D:9)
  8 gnolls
  7 adders
  9 river rats (D:7)
  3 shadow imps
  An ooze (D:5)
  9 adder zombies
  2 worms
  2 dart slugs
  3 leopard geckos
  34 orcs
  2 giant cockroaches
  A gnoll zombie (Ossuary)
  5 goblins
  7 hobgoblins
  5 jackals
  24 kobolds
  16 quokkas
  4 ball pythons
  A ball python skeleton (D:4)
  A bat (D:2)
  4 frilled lizards
  3 hobgoblin zombies (Ossuary)
  A jackal zombie (D:7)
  9 kobold zombies (Ossuary)
  3 orc zombies (Ossuary)
  22 rats
  A fungus (D:5)
331 creatures vanquished.

Vanquished Creatures (collateral kills)
  A two-headed ogre (D:8)
  A queen bee (D:10)
  An eye of draining (D:11)
  3 orc warriors
  2 bullfrogs (D:11)
  A gnoll sergeant (D:9)
  A wyvern zombie (D:11)
  A scorpion (D:11)
  13 killer bees
  A jelly (D:7)
  A hound (D:11)
  An orc priest (D:11)
  2 gnolls (D:9)
  5 orcs (D:11)
34 creatures vanquished.

Grand Total: 365 creatures vanquished

Notes
Turn   | Place    | Note
-------+----------+-------------------------------------------
     0 | D:1      | Kingsmith the Felid Berserker began the quest for the Orb.
     0 | D:1      | Reached XP level 1. HP: 10/10 MP: 2/2
    81 | D:1      | Reached XP level 2. HP: 14/14 MP: 3/3
   214 | D:1      | Reached skill level 5 in Dodging
   399 | D:1      | Reached XP level 3. HP: 15/17 MP: 4/4
   852 | D:2      | Reached ** piety under Trog
  1114 | D:2      | Reached XP level 4. HP: 21/21 MP: 5/5
  1528 | D:3      | Found a shattered altar of Ashenzari.
  1794 | D:4      | Found a staircase to the Ecumenical Temple.
  1914 | D:4      | Noticed a centaur
  1927 | D:4      | Killed a centaur
  1927 | D:4      | Reached XP level 5. HP: 13/24 MP: 6/6
  2206 | D:4      | Gained mutation: You are covered in thick fur. (AC +2) [Felid growth]
  2206 | D:4      | Reached XP level 6. HP: 16/28 MP: 7/7
  2444 | D:4      | Noticed Sigmund
  2452 | D:4      | Killed Sigmund
  2452 | D:4      | Reached skill level 10 in Dodging
  2691 | D:4      | Reached XP level 7. HP: 31/31 MP: 8/8
  2741 | D:5      | Entered Level 5 of the Dungeon
  2878 | D:5      | Noticed Kingsmith's ghost (amateur MfMo)
  2896 | D:5      | Killed Kingsmith's ghost
  2906 | D:5      | Found a hazy altar of Hepliaklqana.
  2955 | D:5      | Found a white marble altar of Elyvilon.
  3924 | D:6      | Reached skill level 5 in Fighting
  3924 | D:6      | Reached XP level 8. HP: 37/37 MP: 9/9
  4272 | D:6      | Demolished by an orc warrior
  4273 | D:6      | Reached XP level 7. HP: -15/34 MP: 8/8
  4507 | D:6      | Noticed Kingsmith's ghost (novice FoFi)
  4522 | D:6      | Killed Kingsmith's ghost
  4522 | D:6      | Reached XP level 8. HP: 41/41 MP: 9/9
  4776 | D:6      | Noticed Pikel
  4794 | D:6      | Killed Pikel
  4864 | D:6      | Reached *** piety under Trog
  4985 | D:7      | Reached skill level 10 in Fighting
  4985 | D:7      | Reached XP level 9. HP: 38/46 MP: 10/10
  5131 | D:7      | Found a sand-covered staircase.
  5140 | Ossuary  | Entered an ossuary
  5294 | Ossuary  | Reached skill level 4 in Unarmed Combat
  5359 | Ossuary  | Reached skill level 5 in Unarmed Combat
  6059 | D:7      | Reached skill level 6 in Unarmed Combat
  6106 | D:7      | Reached **** piety under Trog
  6551 | D:7      | Reached skill level 7 in Unarmed Combat
  6612 | D:7      | Noticed AdmiralAndromeda's ghost (novice HOMo)
  6625 | D:7      | Killed AdmiralAndromeda's ghost
  6704 | D:7      | Reached skill level 8 in Unarmed Combat
  7090 | D:8      | Noticed a two-headed ogre
  7096 | D:8      | Killed a two-headed ogre
  7096 | D:8      | Reached skill level 9 in Unarmed Combat
  7096 | D:8      | Reached XP level 10. HP: 48/51 MP: 11/11
  7974 | D:9      | Noticed a two-headed ogre
  7993 | D:8      | Killed a two-headed ogre
  7993 | D:8      | Reached skill level 10 in Unarmed Combat
  8214 | D:9      | HP: 1/51 [orc warrior/hand axe (23)]
  8214 | D:9      | Annihilated by an orc warrior
  8215 | D:9      | Reached XP level 9. HP: -22/46 MP: 10/10
  8549 | D:9      | Noticed a two-headed ogre
  8566 | D:9      | Killed a two-headed ogre
  8566 | D:9      | Reached skill level 11 in Unarmed Combat
  8566 | D:9      | Reached XP level 10. HP: 12/51 MP: 11/11
  8999 | D:9      | Found a staircase to the Orcish Mines.
  9207 | D:10     | Entered Level 10 of the Dungeon
  9367 | D:10     | HP: 1/51 [poisoned by a killer bee]
  9367 | D:10     | Slain by a killer bee
  9368 | D:10     | Reached XP level 9. HP: -4/46 MP: 10/10
  9388 | D:10     | Reached skill level 12 in Unarmed Combat
  9453 | D:10     | Paralysed by a hornet for 2 turns
 10057 | D:10     | Reached XP level 10. HP: 42/51 MP: 11/11
 10138 | D:10     | Noticed a gargoyle
 10142 | D:10     | Killed a gargoyle
 10351 | D:10     | Found a staircase to the Lair.
 10406 | D:10     | Reached skill level 13 in Unarmed Combat
 11038 | D:11     | Noticed a cyan ugly thing
 11049 | D:11     | Killed a cyan ugly thing
 11456 | D:11     | Noticed an unseen horror
 11467 | D:11     | Killed an unseen horror
 11467 | D:11     | Reached skill level 14 in Unarmed Combat
 11482 | D:11     | Noticed a soul eater
 11485 | D:11     | Noticed a soul eater
 11504 | D:12     | Found a shadowy altar of Dithmenos.
 11655 | D:12     | Reached XP level 11. HP: 34/54 MP: 12/12
 11917 | D:12     | Noticed an unseen horror
 11934 | D:12     | Killed an unseen horror
 11947 | D:12     | Mangled by a slime creature

Skill      XL: |  1  2  3  4  5  6  7  8  9 10 |
---------------+-------------------------------+-----
Dodging        | 5 6 8 9 10 11 | 11.5
Fighting       | 8 10 | 10.0
Unarmed Combat | 12 14 | 14.4

Action                   |  1- 3 |  4- 6 |  7- 9 | 10-12 || total
-------------------------+-------+-------+-------+-------++-------
Melee: Unarmed           |    81 |    97 |   720 |   273 ||  1171
       Bite              |     6 |    11 |   100 |    29 ||   146
       Punch             |       |     6 |    21 |    24 ||    51
Invok: Berserk           |     1 |     3 |    18 |     5 ||    27
       Trog's Hand       |       |     1 |     9 |     7 ||    17
       Brothers in Arms  |       |       |     1 |     8 ||     9
       Burn Spellbooks   |       |       |     1 |     2 ||     3
Evoke: Wand              |       |       |     2 |       ||     2
  Use: Scroll            |       |       |    26 |     2 ||    28
       Potion            |       |       |     1 |     4 ||     5
 Stab: Sleeping          |     8 |     4 |     6 |     5 ||    23
       Distracted        |       |       |     2 |     2 ||     4
  Eat: Chunk             |     8 |     5 |    39 |    20 ||    72
Armor: Skin              |     8 |     2 |    16 |    10 ||    36
Dodge: Dodged            |    79 |    75 |   696 |   339 ||  1189
